Map: 失而复得-天梯版

Players

raptorteam - Winner!

  • Race: Terran Terran
  • League: Platinum

斯巴达

  • Race: Protoss Protoss
  • League: Diamond

VOD

Have the link to the VOD?

Description

TvP tank push

Time

  • Played on: Oct. 2, 2018, 12:42 p.m.
  • Length: 8:49
Show
View Real Time Build Order
Export as new Build Order

raptorteam Terran - Winner!

Build Orders:  

Get SALT Encoding   

  12  0:00  SCV  
  13  0:13  SCV  
  14  0:19  Supply Depot  
  14  0:26  SCV  
  15  0:40  SCV  
  15  0:42  Barracks  
  16  0:45  Refinery  
  16  0:52  SCV  
  17  1:03  Refinery  
  17  1:04  SCV  
  18  1:17  SCV  
  19  1:31  Reaper, Orbital Command  
  20  1:38  Supply Depot  
  20  1:50  Factory  
  20  1:56  SCV  
  21  2:13  Barracks Reactor, SCV  
  22  2:25  SCV, Command Center  
  23  2:37  Starport  
  23  2:42  Factory Tech Lab  
  23  2:44  SCV  
  23  2:50  Marine x2  
  26  2:56  SCV  
  27  3:02  Siege Tank  
  30  3:09  Marine  
  31  3:14  Starport Reactor  
  31  3:20  Supply Depot  
  31  3:36  Marine x2, Siege Tank, SCV  
  37  3:52  Refinery  
  37  3:54  Medivac x2  
  37  3:55  Marine x2  
  41  3:57  Orbital Command  
  43  4:14  Siege Tank  
  46  4:17  Marine x2  
  46  4:21  SCV  
  46  4:23  SCV  
  50  4:25  Supply Depot  
  50  4:30  Liberator  
  50  4:33  SCV  
  50  4:37  Marine x2  
  53  4:45  SCV  
  54  4:50  Engineering Bay  
  57  4:53  SCV  
  57  4:55  Marine x2  
  57  4:57  SCV  
  61  5:25  Bunker  
  61  5:26  Marine  
  62  5:31  Marine  
  62  5:34  Medivac  
  61  5:45  SCV  
  61  5:47  SCV  
  61  6:03  Marine, Bunker  
  62  6:06  Supply Depot  
  62  6:09  Marine, Medivac x2, Siege Tank  
  70  6:12  Command Center, Terran Infantry Armor Level 1  
  70  6:42  Marine, Siege Tank  
  73  8:13  Command Center  
Show
View Real Time Build Order
Export as new Build Order

斯巴达 Protoss 

Build Orders: 1 Gate Expand 

Get SALT Encoding   

  12  0:00  Probe  
  13  0:13  Probe  
  14  0:25  Probe, Pylon  
  15  0:37  Assimilator  
  15  0:40  Probe  
  15  0:45  Gateway  
  15  0:49  Probe  
  17  0:57  Probe  
  18  1:10  Probe  
  19  1:22  Probe  
  20  1:27  Nexus  
  20  1:37  Cybernetics Core  
  20  1:40  Probe  
  20  1:46  Assimilator  
  21  1:52  Probe  
  22  1:54  Pylon  
  22  2:04  Probe, Stalker  
  22  2:06  Warp Gate  
  24  2:16  Probe  
  25  2:28  Probe  
  26  2:32  Pylon  
  26  2:38  Probe  
  26  2:40  Probe  
  28  2:45  Gateway  
  28  2:50  Probe  
  29  2:52  Gateway  
  29  2:54  Probe  
  30  3:05  Probe  
  31  3:13  Probe  
  31  3:15  Shield Battery  
  31  3:19  Stalker  
  34  3:20  Probe  
  34  3:25  Probe, Pylon  
  36  3:32  Probe  
  37  3:38  Probe  
  37  3:40  Stalker  
  40  3:43  Stalker  
  42  3:49  Stalker  
  42  3:50  Twilight Council  
  44  3:55  Forge  
  44  3:57  Probe  
  44  4:01  Probe  
  46  4:05  Shield Battery  
  46  4:11  Pylon  
  46  4:22  Probe  
  46  4:23  Probe  
  48  4:26  Robotics Facility  
  48  4:27  Stalker, Blink  
  48  4:28  Stalker  
  52  4:36  Shield Battery  
  52  4:38  Probe  
  53  4:42  Protoss Ground Weapons Level 1  
  53  4:43  Stalker  
  55  4:50  Photon Cannon  
  55  4:56  Probe  
  55  4:58  Assimilator  
  56  5:00  Assimilator  
  56  5:03  Stalker  
  58  5:08  Sentry  
  58  5:10  Probe  
  58  5:11  Probe  
  62  5:16  Stalker  
  64  5:22  Pylon  
  64  5:24  Pylon  
  64  5:26  Probe  
  53  5:41  Stalker  
  53  5:42  Stalker x2  
  53  5:48  Immortal  
  51  6:00  Probe  
  51  6:01  Pylon  
  52  6:04  Zealot  
  52  6:05  Zealot x2  
  52  6:07  Probe  
  59  6:15  Probe  
  60  6:25  Stalker x2  
  57  6:37  Probe x2  
  52  6:49  Probe  
Tags
 
Add a new tag
Caveats
  • Supply blocks, unpowered buildings, or Contaminate may cause inaccurate times.
  • Supply counts are checked every 10 seconds.